 Dungeon Crawl Stone Soup version 0.30-a0-368-g86fb4627a9 (webtiles) character file.

Game seed: 15507983748255975087

21 oldriver the Grave Robber (level 2, -2/21 HPs)
             Began as a Mummy Necromancer on Nov 19, 2022.
             Slain by a gnoll
             ... wielding a +0 spear
              (7 damage)
             ... on level 2 of the Dungeon.
             The game lasted 00:00:42 (875 turns).

oldriver the Grave Robber (Mummy Necromancer)        Turns: 875, Time: 00:00:42

Health: -2/21      AC:  2    Str: 11    XL:     2   Next: 65%
Magic:  4/6        EV: 12    Int: 14    God:
Gold:   42         SH:  0    Dex: 12    Spells: 7/8 levels left

rFire   x . .      SeeInvis .    b - +1 whip (elec)
rCold   + . .      Faith    +    (no shield)
rNeg    + + +      Spirit   .    a - +0 robe
rPois   ∞          Reflect  .    (no helmet)
rElec   .          Harm     .    (no cloak)
rCorr   .          Rampage  .    (no gloves)
Will    .....                    (no boots)
Stlth   ++........               (no amulet)
HPRegen 0.23/turn                (no ring)
MPRegen 0.10/turn                (no ring)

@: no status effects
A: cold resistance 1, negative energy resistance 3, torment resistance 2, heat
vulnerability 1, no potions, faith
a: no special abilities


You were on level 2 of the Dungeon.
You visited 1 branch of the dungeon, and saw 2 of its levels.

You collected 42 gold pieces.

Inventory:

Hand Weapons
 b - a +1 whip of electrocution (weapon)
Armour
 a - a +0 robe (worn)


   Skills:
 + Level 1.5 Fighting
 - Level 1.5 Dodging
 - Level 1.5 Stealth
 + Level 3.5 Spellcasting
 - Level 4.0 Necromancy


You had 7 spell levels left.
You knew the following spells:

 Your Spells              Type           Power      Damage    Failure   Level
a - Necrotise             Necr           52%        1d6       4%          1

Your spell library contained the following spells:

 Spells                   Type           Power      Damage    Failure   Level
 Vampiric Draining        Necr           13%        2d6       12%         3
 Animate Dead             Necr           13%        N/A       36%         4
 Agony                    Necr           13%        N/A       73%         5


Dungeon Overview and Level Annotations

Branches:
Dungeon (2/15)

Altars:


Innate Abilities, Weirdness & Mutations

You are immune to poison.
Your flesh is cold resistant. (rC+)
You are immune to negative energy. (rN+++)
You are immune to unholy pain and torment.
You are vulnerable to heat. (rF-)
You do not drink.
You have a special connection with the divine. (Faith)


Message History

The gnoll writhes in agony.
The gnoll barely misses you.
Unknown command.
Casting: Necrotise (safe; 4% risk of failure)
Confirm with . or Enter, or press ? or * to list all spells.
Aiming: Necrotise (safe; 4% risk of failure)
Press: ? - help, Shift-Dir - straight line, f/p - gnoll
Aim: a gnoll, wielding a +0 club (chance to affect: 76%)
The gnoll writhes in agony.
The gnoll closely misses you.
Unknown command.
You hit the gnoll.
The gnoll is heavily wounded.
The gnoll closely misses you.
Casting: Necrotise (safe; 4% risk of failure)
Confirm with . or Enter, or press ? or * to list all spells.
Aiming: Necrotise (safe; 4% risk of failure)
Press: ? - help, Shift-Dir - straight line, f/p - gnoll
Aim: a gnoll, wielding a +0 club (heavily wounded, chance to affect: 76%)
The gnoll writhes in agony.
The gnoll hits you with a +0 club.
* * * LOW HITPOINT WARNING * * *
Unknown command.
You hit the gnoll.
The gnoll is severely wounded.
The gnoll misses you.
You whack the gnoll!
You kill the gnoll!
You start resting.
Magic restored.
You start resting.
HP restored.
Okay, then.
You climb downwards.
The gnoll hits you with a +0 flail!
There is a stone staircase leading up here.
The gnoll writhes in agony.
The gnoll completely misses you.
The gnoll barely resists.
The gnoll hits you with a +0 flail!
* * * LOW HITPOINT WARNING * * *
The gnoll throws a throwing net.
The throwing net barely misses you.
The throwing net barely misses the gnoll.
Unknown command.
The gnoll hits you from afar with a +0 spear!
You die...

#.......#
#.......#
#.......#
#.......##
#........####
#...........#
?..#.........#
..(...g@$g.#
........####
.........
....##.#.# #..
.. .# ## #..
.. #.. .# ...
..


You could see 2 gnolls.

Vanquished Creatures
  A gnoll (D:1)
  4 endoplasms (D:1)
  2 kobolds (D:1)
  2 ball pythons (D:1)
  2 rats (D:1)
11 creatures vanquished.

Notes
Turn   | Place    | Note
-------+----------+-------------------------------------------
     0 | D:1      | oldriver the Mummy Necromancer began the quest for the Orb.
     0 | D:1      | Reached XP level 1. HP: 13/13 MP: 4/4
   516 | D:1      | Reached skill level 1 in Fighting
   576 | D:1      | Reached XP level 2. HP: 21/21 MP: 3/6
   875 | D:2      | Slain by a gnoll

Illustrated notes

Levels and vault maps discovered:
D:1:      lightli_arrival_statuegarden, layout_loops_ring
D:2:      layout_rooms

Skill      XL: |  1 |
---------------+----+-----
Spellcasting   | 3 |  3.5
Fighting       | 1 |  1.5
Dodging        | |  1.5
Stealth        | |  1.5
Necromancy     | |  4.0

Action                   || total
-------------------------++-------
Melee: Whip              ||    10
 Cast: Necrotise         ||    29
Armor: Robe              ||     2
Dodge: Dodged            ||    22

Table legend: (Time is in decaauts)
 A = Elapsed time spent in this place.
 B = Non-inter-level travel time spent in this place.
 C = Inter-level travel time spent in this place.
 D = Time resting spent in this place.
 E = Time spent auto-exploring this place.
 F = Levels seen in this place.
 G = Mean time per level.
                   A        B        C        D        E       F      G
               +--------+--------+--------+--------+--------+-----+--------+
         Total |    876 |    808 |     68 |     80 |    635 |   2 |  438.0 |
       Dungeon |    876 |    808 |     68 |     80 |    635 |   2 |  438.0 |
               +--------+--------+--------+--------+--------+-----+--------+

Top non-repeatable levels by time:
     D:1: 865 daAuts
     D:2: 10 daAuts
